 Dungeon Crawl Stone Soup version 0.30.2 (webtiles) character file.

Game seed: 901994794394526267

22 Ashen the Trooper (level 2, 0/31 HPs)
             Began as an Ogre Warper on Jan 19, 2024.
             Slain by a goblin
             ... wielding a +0 dagger
              (2 damage)
             ... on level 2 of the Dungeon.
             The game lasted 00:01:32 (1151 turns).

Ashen the Trooper (Ogre Warper)                     Turns: 1151, Time: 00:01:33

Health: 0/31       AC:  3    Str: 14    XL:     2   Next: 91%
Magic:  3/5        EV: 10    Int: 14    God:
Gold:   94         SH:  0    Dex:  8    Spells: 4/6 levels left

rFire   . . .        a - +0 mace
rCold   . . .        (no shield)
rNeg    . . .        b - +0 robe
rPois   .            (helmet restricted)
rElec   .            (no cloak)
rCorr   .            (gloves unavailable)
SInv    .            (boots unavailable)
Will    .....        (no amulet)
Stlth   +            (no ring)
HPRegen 0.25/turn    (no ring)
MPRegen 0.09/turn

%: no passive effects
@: no status effects
A: large, unfitting armour, tough skin 1
a: no special abilities


You were on level 2 of the Dungeon.
You visited 1 branch of the dungeon, and saw 2 of its levels.

You collected 94 gold pieces.

Inventory:

Hand Weapons
 a - a +0 mace (weapon)
Missiles
 d - 7 boomerangs of dispersal (quivered)
Armour
 b - a +0 robe (worn)
Scrolls
 c - a scroll of blinking
 f - 3 scrolls of magic mapping {unknown}
 g - 3 scrolls of teleportation {unknown}
 k - 2 scrolls of poison {unknown}
Potions
 e - 2 potions of mutation {unknown}
 h - a potion of flight {unknown}
 i - a potion of brilliance {unknown}
 j - a potion of berserk rage {unknown}


   Skills:
 + Level 3.1 Fighting
 + Level 2.0 Maces & Flails
 - Level 1.0 Throwing
 + Level 2.3 Dodging
 + Level 0.4 Stealth
 + Level 2.6 Spellcasting
 + Level 2.8 Translocations


You had 4 spell levels left.
You knew the following spells:

 Your Spells              Type           Power      Damage    Failure   Level
a - Blink                 Tloc           18%        N/A       11%         2

Your spell library contained the following spells:

 Spells                   Type           Power      Damage    Failure   Level
 Apportation              Tloc           18%        N/A       7%          1
 Lesser Beckoning         Tloc           18%        N/A       11%         2
 Teleport Other           Tloc           9%         N/A       21%         3
 Necrotise                Necr           4%         1d4       22%         1
 Summon Small Mammal      Summ           4%         N/A       22%         1
 Vhi's Electric Charge    Tloc/Air       10%        N/A       36%         3
 Manifold Assault         Tloc           9%         N/A       56%         4


Dungeon Overview and Level Annotations

Branches:
Dungeon (2/15)

Altars:


Innate Abilities, Weirdness & Mutations

You are too large for most types of armour.
You have tough skin. (AC +1)


Message History

Found a glowing short sword.
A hobgoblin comes into view.
The hobgoblin shouts!
You hit the worm.
The worm is lightly wounded.
You thump the worm!
The worm is heavily wounded.
A goblin comes into view. It is wielding a +0 dagger.
The worm bites you.
An endoplasm comes into view.
You hit the worm.
The worm is severely wounded.
The hobgoblin hits you. The worm closely misses you.
You hit the worm but do no damage.
The worm is severely wounded.
The hobgoblin barely misses you. The worm bites you.
You barely miss the worm.
The worm is heavily wounded.
The hobgoblin hits you. The hobgoblin closely misses you. The worm bites you!
* * * LOW HITPOINT WARNING * * *
The hobgoblin attacks as you move away! The hobgoblin closely misses you.
The hobgoblin attacks as you move away! The hobgoblin hits you.
* * * LOW HITPOINT WARNING * * *
The hobgoblin attacks as you move away! The hobgoblin barely misses you.
The hobgoblin attacks as you move away! The hobgoblin hits you.
* * * LOW HITPOINT WARNING * * *
Casting: Blink (safe; 11% risk of failure)
Confirm with . or Enter, or press ? or * to list all spells.
You blink.
The hobgoblin barely misses you.
Casting: Blink (safe; 11% risk of failure)
Confirm with . or Enter, or press ? or * to list all spells.
Okay, then.
The goblin hits you with a +0 dagger.
* * * LOW HITPOINT WARNING * * *
The goblin attacks as you move away! The goblin hits you with a +0 dagger.
* * * LOW HITPOINT WARNING * * *
You closely miss the goblin.
You feel stable enough to blink again. The goblin hits you with a +0 dagger.
You die...

###### #....# #....#
####### #....#
###.....#########....#####
........@gJg.....).....>.
#).....###.####....###.#
###......#.#.# #....# #)#
.........#...## #....# #.#
.........g.w..# #....# #.#
.......................#.#
.......................#.#
...#####...............#.#
.. ...#.###...... #.#


You could see an endoplasm, a hobgoblin and a goblin.

Vanquished Creatures
  5 ball pythons
  2 bats (D:1)
  2 endoplasms (D:1)
  2 giant cockroaches
  A goblin (D:2)
  A hobgoblin (D:2)
  A quokka (D:1)
  2 frilled lizards
  2 kobolds
  A rat (D:2)
19 creatures vanquished.

Notes
Turn   | Place    | Note
-------+----------+-------------------------------------------
     0 | D:1      | Ashen the Ogre Warper began the quest for the Orb.
     0 | D:1      | Reached XP level 1. HP: 22/22 MP: 3/3
   182 | D:1      | Found a faded altar of an unknown god.
   302 | D:1      | Reached XP level 2. HP: 28/29 MP: 5/5
   359 | D:1      | Learned a level 2 spell: Blink
   434 | D:1      | Reached skill level 3 in Fighting
  1150 | D:2      | HP: 1/31 [goblin/+0 dagger (1)]
  1151 | D:2      | Slain by a goblin

Illustrated notes

Levels and vault maps discovered:
D:1:      lemuel_arrival_tunnels, layout_basic,
          shapermc_ecumenical_altar_ellora, st_stairs_6
D:2:      layout_basic, grunt_ministairs_4

Skill      XL: |  1  2 |
---------------+-------+-----
Fighting       | 3 |  3.1
Maces & Flails | 2 |  2.0
Throwing       | |  1.0
Dodging        | |  2.3
Stealth        | |  0.4
Spellcasting   | |  2.6
Translocations | |  2.8

Action                     || total
---------------------------++-------
  Melee: Mace              ||    51
   Cast: Blink             ||     1
   Stab: Sleeping          ||     1
 Armour: Robe              ||    14
  Dodge: Dodged            ||    31
